Map: Orbital Shipyard

Players

voxdei

  • Race: Zerg Zerg
  • League: Silver

Grumm - Winner!

  • Race: Protoss Protoss
  • League: Gold

VOD

Have the link to the VOD?

Description

Time

  • Played on: Jan. 10, 2016, 2:37 a.m.
  • Length: 15:44
Show
View Real Time Build Order
Export as new Build Order

voxdei Zerg 

Build Orders: Hatch First 

Get SALT Encoding   

  12  0:01  Drone  
  13  0:11  Drone  
  14  0:20  Overlord  
  14  0:38  Drone x3  
  17  0:54  Hatchery  
  17  0:56  Drone  
  17  1:02  Drone  
  18  1:14  Spawning Pool  
  18  1:16  Drone  
  18  1:23  Drone  
  19  1:26  Extractor  
  18  1:35  Drone  
  19  1:43  Overlord  
  19  2:06  Drone x2  
  19  2:07  Drone  
  21  2:18  Queen  
  21  2:19  Queen  
  21  2:21  Overlord  
  21  2:22  Drone  
  26  2:40  Hatchery  
  26  2:42  Drone  
  26  2:43  Drone x2  
  28  2:50  Zergling x4  
  30  3:05  Drone x3  
  33  3:07  Queen  
  33  3:08  Metabolic Boost  
  35  3:18  Drone  
  35  3:19  Drone  
  37  3:23  Overlord  
  37  3:24  Drone  
  38  3:31  Drone  
  38  3:32  Drone x4  
  43  3:35  Drone  
  44  3:41  Overlord  
  44  3:59  Drone x2, Overlord  
  44  4:00  Zergling x6  
  49  4:13  Lair  
  49  4:18  Queen  
  49  4:20  Drone x6  
  49  4:21  Drone x2  
  59  4:26  Drone  
  60  4:39  Hatchery, Extractor  
  60  4:42  Roach Warren  
  60  4:44  Drone  
  60  4:45  Drone x4, Extractor  
  61  4:46  Extractor  
  61  4:51  Drone  
  61  4:52  Drone x3  
  64  5:01  Queen  
  64  5:03  Drone x3  
  69  5:09  Overlord  
  68  5:39  Drone x5  
  68  5:41  Drone x4  
  68  5:42  Glial Reconstitution  
  77  6:06  Extractor  
  74  6:14  Drone  
  74  6:15  Drone x3, Hydralisk Den, Overlord  
  75  6:21  Hatchery  
  75  6:22  Roach x4  
  75  6:23  Overlord x2  
  82  6:30  Evolution Chamber  
  82  6:31  Evolution Chamber  
  80  6:42  Extractor  
  79  6:54  Drone, Overlord  
  79  6:55  Drone  
  79  6:56  Drone  
  79  6:58  Zerg Ground Armor Level 1, Zerg Missile Weapons Level 1  
  79  6:59  Drone  
  79  7:00  Drone x10  
  93  7:15  Overlord  
  93  7:16  Overlord  
  93  7:17  Drone x10  
  93  7:18  Drone x3  
  93  7:19  Overlord  
  93  7:21  Muscular Augments  
  106  7:35  Ravager x2  
  106  7:36  Ravager x2  
  110  7:47  Queen  
  110  7:48  Hatchery  
  110  7:50  Drone x3  
  114  7:57  Drone, Overlord  
  117  7:58  Hydralisk x2, Roach  
  117  7:59  Hydralisk x6, Roach x4  
  141  8:09  Overlord, Roach  
  141  8:11  Roach x3  
  149  8:14  Overlord x2  
  149  8:16  Overlord  
  149  8:17  Overlord x2  
  149  8:20  Extractor x2  
  147  8:40  Overlord  
  149  8:41  Roach x3  
  149  8:42  Overlord, Roach x2  
  149  8:43  Roach x4  
  149  8:44  Roach x5  
  175  8:59  Spore Crawler  
  175  9:00  Spine Crawler  
  175  9:01  Hatchery  
  172  9:04  Spore Crawler  
  172  9:05  Spine Crawler  
  170  9:10  Spore Crawler  
  170  9:11  Spine Crawler  
  170  9:13  Overseer  
  168  9:22  Overlord, Roach x4, Hydralisk x2  
  168  9:23  Hydralisk x6  
  168  9:24  Hydralisk x3  
  198  9:32  Zerg Missile Weapons Level 2  
  198  9:43  Zerg Ground Armor Level 2  
  198  10:12  Overlord  
  198  10:46  Extractor x2  
  196  10:51  Queen  
  196  10:53  Hatchery  
  196  10:54  Hatchery  
  196  11:18  Infestation Pit  
  195  11:35  Tunneling Claws  
  195  11:36  Lurker Den  
  195  11:50  Spine Crawler, Spore Crawler  
  195  11:53  Ravager x5  
  195  11:54  Ravager  
  199  12:21  Hydralisk  
  199  12:22  Hydralisk x2  
  195  12:25  Zergling x2  
  195  12:26  Zergling x4  
  195  12:27  Zergling x2  
  195  12:28  Zergling x2  
  200  12:30  Zergling x4  
  173  12:39  Spire  
  173  12:41  Hydralisk  
  173  12:42  Hydralisk x18  
  198  12:46  Hive  
  198  12:48  Spire  
  191  12:59  Hydralisk x6  
  198  13:19  Hydralisk  
  196  13:25  Hydralisk  
  196  13:26  Hydralisk x8  
  179  13:50  Hydralisk x6  
  179  13:51  Hydralisk x6  
  179  13:52  Hydralisk x3  
  172  13:59  Mutalisk  
  172  14:00  Mutalisk  
  172  14:01  Mutalisk x7  
  172  14:02  Mutalisk x6  
  160  14:03  Mutalisk x2  
  160  14:06  Mutalisk x4  
  165  14:13  Zergling x18  
Show
View Real Time Build Order
Export as new Build Order

Grumm Protoss - Winner!

Build Orders: 1 Gate Expand, Forge Fast Expand (FFE) 

Get SALT Encoding   

  12  0:01  Probe (Chrono Boost)  
  13  0:15  Probe (Chrono Boost)  
  13  0:20  Pylon  
  14  0:25  Probe (Chrono Boost)  
  15  0:39  Forge  
  15  0:46  Gateway  
  15  0:50  Probe (Chrono Boost)  
  16  0:57  Assimilator  
  16  1:04  Probe (Chrono Boost)  
  17  1:33  Nexus  
  17  1:42  Photon Cannon  
  17  1:49  Cybernetics Core  
  17  2:00  Pylon  
  17  2:05  Probe (Chrono Boost)  
  18  2:15  Zealot  
  18  2:16  Probe (Chrono Boost)  
  21  2:24  Assimilator  
  21  2:26  Probe (Chrono Boost)  
  22  2:36  Gateway  
  22  2:41  Gateway  
  22  2:50  Assimilator  
  22  2:51  Probe (Chrono Boost)  
  23  2:56  Warp Gate  
  22  3:11  Pylon  
  22  3:21  Probe x2 (Chrono Boost)  
  24  3:31  Assimilator  
  24  3:35  Stargate  
  24  3:48  Nexus  
  24  3:50  Probe (Chrono Boost)  
  24  3:54  Probe (Chrono Boost)  
  26  4:04  Probe (Chrono Boost)  
  26  4:05  Probe (Chrono Boost)  
  26  4:07  Stalker  
  30  4:15  Probe (Chrono Boost)  
  30  4:16  Probe (Chrono Boost)  
  32  4:25  Probe (Chrono Boost)  
  32  4:27  Probe (Chrono Boost)  
  34  4:32  Assimilator  
  34  4:36  Probe (Chrono Boost)  
  35  4:42  Oracle  
  38  4:54  Stargate  
  38  4:55  Pylon  
  38  5:07  Probe x3 (Chrono Boost)  
  41  5:08  Pylon  
  41  5:16  Assimilator  
  41  5:17  Probe x2 (Chrono Boost)  
  40  5:22  Void Ray  
  44  5:41  Probe (Chrono Boost)  
  44  5:42  Probe x2 (Chrono Boost)  
  47  5:45  Void Ray  
  51  5:52  Probe x2 (Chrono Boost)  
  51  5:54  Probe (Chrono Boost)  
  54  6:03  Probe x2 (Chrono Boost)  
  56  6:05  Probe (Chrono Boost)  
  57  6:13  Probe x2 (Chrono Boost)  
  57  6:15  Probe (Chrono Boost)  
  57  6:16  Protoss Air Weapons Level 1 (Chrono Boost)  
  57  6:21  Stargate  
  57  6:22  Probe (Chrono Boost)  
  57  6:24  Probe (Chrono Boost)  
  63  6:33  Void Ray (Chrono Boost)  
  63  6:34  Probe  
  63  6:35  Probe  
  63  6:37  Probe  
  66  6:44  Pylon  
  66  6:45  Probe  
  66  6:46  Probe  
  67  6:49  Probe  
  67  6:53  Void Ray (Chrono Boost)  
  73  6:55  Probe  
  73  7:00  Pylon, Probe  
  74  7:01  Probe  
  74  7:06  Void Ray (Chrono Boost)  
  80  7:15  Probe x3  
  87  7:26  Void Ray (Chrono Boost)  
  87  7:27  Probe x2  
  87  7:28  Probe  
  90  7:38  Void Ray (Chrono Boost)  
  90  7:39  Probe x2  
  90  7:40  Probe  
  97  7:45  Photon Cannon  
  97  7:50  Photon Cannon  
  97  7:51  Probe x2  
  97  7:52  Probe, Photon Cannon  
  100  8:15  Fleet Beacon  
  100  8:18  Cybernetics Core  
  100  8:33  Pylon  
  100  8:37  Pylon  
  100  8:41  Pylon  
  100  8:48  Twilight Council  
  100  8:49  Pylon, Protoss Air Armor Level 1 (Chrono Boost)  
  100  8:52  Void Ray x2 (Chrono Boost)  
  112  8:56  Void Ray (Chrono Boost)  
  112  9:12  Pylon  
  112  9:13  Pylon, Probe x3  
  115  9:22  Protoss Air Weapons Level 2 (Chrono Boost)  
  115  9:29  Void Ray x2 (Chrono Boost)  
  123  9:34  Void Ray (Chrono Boost)  
  127  9:42  Gateway x2  
  127  9:45  Pylon  
  127  9:47  Gateway  
  126  9:55  Pylon  
  126  10:00  Protoss Shields Level 1  
  126  10:01  Graviton Catapult  
  126  10:05  Gateway  
  126  10:06  Carrier x2 (Chrono Boost)  
  138  10:10  Carrier (Chrono Boost)  
  144  10:16  Blink  
  144  10:19  Pylon  
  144  10:26  Photon Cannon  
  144  10:28  Nexus  
  144  10:31  Pylon  
  144  10:35  Pylon  
  143  10:48  Zealot  
  143  10:49  Zealot  
  147  10:50  Stalker x3  
  147  10:51  Stalker  
  155  10:57  Gateway  
  155  10:59  Gateway  
  155  11:01  Gateway  
  155  11:03  Gateway  
  155  11:29  Pylon, Tempest x2 (Chrono Boost)  
  163  11:32  Nexus  
  163  11:34  Tempest (Chrono Boost)  
  167  11:44  Protoss Air Weapons Level 3  
  167  11:50  Photon Cannon  
  167  11:51  Photon Cannon  
  167  11:53  Pylon  
  167  11:57  Pylon  
  167  12:06  Assimilator  
  167  12:10  Photon Cannon  
  167  12:16  Gateway  
  167  12:21  Photon Cannon  
  167  12:23  Assimilator, Gateway  
  159  12:31  Tempest x3 (Chrono Boost)  
  163  12:43  Pylon  
  163  12:47  Pylon  
  163  13:05  Probe x3  
  162  13:55  Probe x2  
  141  13:56  Probe x2  
  141  13:57  Stalker x2  
  141  13:58  Stalker x5  
  141  13:59  Stalker x5  
  168  14:02  Tempest (Chrono Boost)  
  168  14:03  Tempest x2 (Chrono Boost)  
  166  14:35  Zealot x3  
  172  14:40  Tempest x3 (Chrono Boost)  
Tags
 
Add a new tag
Caveats
  • Supply blocks, unpowered buildings, or Contaminate may cause inaccurate times.
  • Supply counts are checked every 10 seconds.